 Dungeon Crawl Stone Soup version 0.29-a0-822-ga620ab95ad (webtiles) character file.

Game seed: 2960376749694745998

11228 Garessta the Nimble (level 11, -8/54 HPs)
             Began as a Felid Summoner on July 8, 2022.
             Was an Initiate of Gozag.
             Shot with a bolt by a yaktaur (26 damage)
             ... on level 11 of the Dungeon.
             The game lasted 01:42:37 (23890 turns).

Garessta the Nimble (Felid Summoner)               Turns: 23890, Time: 01:42:38

Health: -8/54      AC:  3    Str:  4    XL:     11   Next: 46%
Magic:  10/26      EV: 25    Int: 27    God:    Gozag
Gold:   3221       SH:  0    Dex: 17    Spells: 18/30 levels left
                                        Lives:  0   Deaths: 4

rFire   . . .      SeeInvis +   (weapon unavailable)
rCold   + + .      Faith    .   (shield unavailable)
rNeg    + . .      Spirit   .   (body armour unavailable)
rPois   .          Reflect  .   (helmet unavailable)
rElec   .          Harm     .   (cloak unavailable)
rCorr   .          Rampage  .   (gloves unavailable)
Will    +....                   (boots unavailable)
Stlth   ++........              l - amulet of regeneration
HPRegen 0.98/turn               t - ring of protection from cold
MPRegen 0.20/turn               y - ring of Mistrust {rN+ Int+6}

@: spiked, studying Evocations, quick
A: very small, claws 1, fangs 3, see invisible, speed 1, shaggy fur 3, stealthy
paws, no weapons or thrown items, no armour, multi-lived
a: Renounce Religion, Potion Petition, Call Merchant, Bribe Branch


You were on level 11 of the Dungeon.
You worshipped Gozag.
Gozag was most pleased with you.
You visited 3 branches of the dungeon, and saw 18 of its levels.
You also visited: Sewer.

You collected 4143 gold pieces.
You spent 301 gold pieces at shops.
You paid 621 gold pieces to Gozag.

Inventory:

Jewellery
 l - an amulet of regeneration (around neck)
 t - a ring of protection from cold (left paw)
 y - the ring of Mistrust (right paw) {rN+ Int+6}
   (You acquired it on level 1 of the Lair of Beasts)

   [ring of intelligence]

   Int:       It affects your intelligence (+6).
   rN:        It protects you from negative energy.
Wands
 p - a wand of polymorph (15)
 r - a wand of flame (30)
 s - a wand of acid (10)
 x - a wand of charming (3)
 I - a wand of iceblast (5)
Scrolls
 e - 8 scrolls of teleportation
 g - 6 scrolls of fog
 k - 4 scrolls of fear
 n - 5 scrolls of magic mapping
 o - 4 scrolls of blinking
 u - a scroll of summoning
 v - 3 scrolls of silence
 A - 2 scrolls of vulnerability
 B - a scroll of poison
 C - 6 scrolls of identify
 D - a scroll of amnesia
 G - 2 scrolls of immolation
Potions
 a - a potion of magic
 b - 7 potions of curing
 c - 2 potions of haste
 d - 5 potions of heal wounds
 f - 3 potions of invisibility
 h - 4 potions of attraction
 j - 2 potions of cancellation
 m - a potion of ambrosia
 q - 2 potions of flight
 w - 2 potions of resistance
 z - 2 potions of might
 E - a potion of brilliance
 F - a potion of berserk rage
 J - 2 potions of mutation {unknown}
Miscellaneous
 i - a box of beasts
 H - a lightning rod (4/4)


   Skills:
 + Level 10.0 Fighting
 - Level 12.0 Dodging
 - Level 2.6 Stealth
 - Level 10.0 Spellcasting
 - Level 5.0 Hexes
 - Level 8.4 Summonings
 + Level 11.0 Transmutations
 + Level 10.7 Air Magic


You had 18 spell levels left.
You knew the following spells:

 Your Spells              Type           Power      Damage    Failure   Level
a - Call Canine Familiar  Summ           56%        N/A       1%          3
b - Summon Guardian Gole  Hex/Summ       49%        N/A       1%          3
c - Summon Lightning Spi  Summ/Air       60%        N/A       1%          4
z - Blink                 Tloc           26%        N/A       6%          2

Your spell library contained the following spells:

 Spells                   Type           Power      Damage    Failure   Level
 Summon Small Mammal      Summ           100%       N/A       1%          1
 Call Imp                 Summ           56%        N/A       1%          2
 Passwall                 Tmut/Erth      35%        N/A       1%          2
 Poisonous Vapours        Pois/Air       84%        N/A       1%          2
 Blade Hands              Tmut           32%        N/A       1%          5
 Ignite Poison            Fire/Tmut/Pois 33%        N/A       2%          3
 Mephitic Cloud           Conj/Pois/Air  32%        N/A       3%          3
 Freeze                   Ice            52%        1d7       4%          1
 Magic Dart               Conj           52%        1d5       4%          1
 Sandblast                Erth           26%        2d8       4%          1
 Dazzling Flash           Conj/Hex       54%        N/A       4%          3
 Silence                  Hex/Air        27%        N/A       4%          5
 Searing Ray              Conj           26%        2d5       6%          2
 Irradiate                Conj/Tmut      21%        3d20      12%         5
 Conjure Flame            Conj/Fire      13%        6-21      13%         3
 Frozen Ramparts          Ice            26%        1d4       13%         3
 Lesser Beckoning         Tloc           13%        N/A       13%         3
 Stone Arrow              Conj/Erth      26%        3d8       13%         3
 Fulminant Prism          Conj/Hex       13%        3d9       16%         4
 Dragon Form              Tmut           32%        N/A       36%         7
 Dispel Undead            Necr           13%        3d9       38%         4
 Hailstorm                Conj/Ice       13%        3d5       38%         4
 Sticky Flame             Conj/Fire      13%        2d4       38%         4
 Storm Form               Tmut/Air       32%        N/A       38%         7
 Agony                    Necr           13%        N/A       75%         5
 Manifold Assault         Tloc           13%        N/A       75%         5
 Death Channel            Necr           6%         N/A       100%        6
 Corpse Rot               Necr/Pois/Air  Unusable   N/A       N/A         4

Dungeon Overview and Level Annotations

Branches:
Dungeon (11/15)            Temple (1/1) D:5            Lair (6/6) D:11
 Shoals (0/4) Lair:4        Snake (0/4) Lair:3        Slime (0/5) Lair:6
    Orc (0/2) D:9           Sewer (visited)

Altars:
Ashenzari
Cheibriados
Dithmenos
Elyvilon
Fedhas
Gozag
Hepliaklqana
Kikubaaqudgha
Makhleb
Nemelex Xobeh
Okawaru
Qazlal
Ru
Sif Muna
Trog
Uskayaw
Vehumet
Wu Jian
Xom
Yredelemnul
Zin
The Shining One
Lugonu

Shops:
Lair:1 ?

Portals:
Abyss: Lair:6


Innate Abilities, Weirdness & Mutations

You have sharp claws.
You have razor-sharp teeth.
You have supernaturally acute eyesight. (SInv)
You cover ground quickly. (Speed+)
Your thick and shaggy fur keeps you warm. (AC +3, rC+)
Your paws help you pounce on unaware monsters.
You are incapable of wielding weapons or throwing items.
You cannot wear armour.
You gain extra lives every three experience levels.


Message History

The manticore claws your lightning spire but does no damage.
The manticore claws your lightning spire!
Your wolf barely misses the manticore.
What are your orders? t - Meow!
Orders for allies: a - Attack new target. r - Retreat! s - Stop attacking. g - Guard the area. f - Follow me.
Anything else - Cancel.
Gang up on whom?
Press: ? - help, Dir - move target, f - yaktaur
Aim: a yaktaur, wielding a +0 arbalest Attack!
The yaktaur shoots a bolt.
The bolt hits your guardian golem!!
Your guardian golem is destroyed!
Your guardian golem disappears in a puff of smoke!
Your lightning spire shoots out a bolt of lightning at the yaktaur!
The bolt of electricity hits the yaktaur!
The manticore bites your lightning spire but does no damage.
The manticore claws your lightning spire.
The manticore claws your lightning spire but does no damage.
Casting: Call Canine Familiar (safe; 1% risk of failure)
Confirm with . or Enter, or press ? or * to list all spells.
A guardian golem appears, shielding your allies.
The yaktaur shoots a bolt.
The bolt barely misses you. The bolt hits your guardian golem!!
Your lightning spire shoots out a bolt of lightning at the manticore!
The bolt of electricity hits the manticore!!
The manticore bites your lightning spire.
The manticore claws your lightning spire.
Your lightning spire is destroyed!
Your lightning spire disappears in a puff of smoke!
The yaktaur shoots a bolt.
The bolt hits you!
The manticore flicks its tail.
The volley of spikes hits you!!
The barbed spikes become lodged in your body.
The barbed spikes dig painfully into your body as you move.
Your guardian golem overheats!
Your wolf bites the yaktaur.
The yaktaur shoots a bolt.
The bolt hits you!!
You die...
Your body crumbles into a pile of gold.

,***,,***#....######.#...........
*****,,,,............hc........##
**,***,,*#....###......<...###.#
*,_,***,*#..........<.......##.#
**,***,,*#....#.......#.###.##.#
*+*+*,,###......H§.)....# #)##.#
,***,,##.........9......# #.##.#
,,*,$,..................# #.##.##
*,,,***#........@.......# #.##.##
***** ####...#.##.##..## #.##.##
#...#....)...# #.##.##
#...###).###.# ##(##.##
##.####.## #.# #....c.. #.# #)).#
*.# #....... #.# #.#.# *.#
#.###(## ### #c###)#.###.# #.#
#.# ##.## #...c.#.....# #.# #.#


You could see a manticore, a yaktaur (ally target), a friendly guardian golem
(summoned, inner flame) and a friendly wolf (summoned, sheltered).

Vanquished Creatures
  An adder (D:2)
  A bat (D:1)
  2 giant cockroaches
  A quokka (D:3)
  A rat (D:1)
6 creatures vanquished.

Vanquished Creatures (collateral kills)
  2 hydras
  A boulder beetle (D:10)
  A two-headed ogre (D:9)
  3 thrashing horrors (Lair:6)
  Lodul (D:11)
  A fire crab (Lair:5)
  2 lindwurms (Lair:6)
  A merfolk siren (Lair:4)
  A smoke demon (Lair:6)
  9 cane toads
  A torpor snail (Lair:6)
  A cane toad (shapeshifter) (Lair:6)
  2 yaktaurs (D:11)
  An unseen horror (D:10)
  A rime drake (Lair:6)
  8 komodo dragons
  3 ancient zymes (Lair:6)
  A troll (D:10)
  10 blink frogs (Lair:6)
  7 dream sheep (Lair:6)
  A vampire (D:10)
  A shadow (D:9)
  A wyvern (Lair:5)
  13 yaks
  3 ynoxinuls (Lair:6)
  A wraith (D:11)
  2 basilisks (Lair:6)
  A chaos spawn (Lair:6)
  A steam dragon (Lair:3)
  A warg (D:9)
  An acid dragon (D:10)
  7 water moccasins
  2 large abominations (Lair:6)
  2 ice beasts (D:7)
  An orc warrior (D:10)
  5 ogres
  4 wolves (Lair:1)
  6 centaurs
  3 small abominations (Lair:6)
  2 kobold brigands
  Blork the orc (D:4)
  10 bullfrogs
  2 wights (D:8)
  4 howler monkeys
  3 hounds
  3 jellies (Lair:6)
  3 orc priests
  A gnoll bouda (D:8)
  3 iguanas
  7 orc wizards
  2 gnolls (D:11)
  6 adders
  13 white imps
  A nameless horror (Lair:6)
  2 ufetubi
  3 worms (D:3)
  3 dart slugs
  16 orcs
  9 endoplasms
  7 giant cockroaches
  6 hobgoblins
  26 kobolds
  5 quokkas
  8 ball pythons
  8 bats
  16 frilled lizards
  17 goblins
  2 rats
  3 butterflies (Lair:1)
305 creatures vanquished.

Vanquished Creatures (others)
  Harold (Lair:1)
  3 hydras
  A two-headed ogre (D:10)
  Urug (Lair:4)
  Nergalle (D:10)
  The ghost of Cung the Protected, a novice GrBe of Trog (Lair:1)
  5 cane toads
  A yaktaur (D:11)
  7 komodo dragons
  2 trolls (D:10)
  A hornet (D:8)
  Grinder (D:4)
  A large abomination (Lair:6)
  A blink frog (Lair:6)
  A ynoxinul (Lair:6)
  A spriggan (Lair:6)
  2 wraiths (D:11)
  2 wyverns
  A vampire (D:10)
  2 basilisks
  11 yaks
  A steam dragon (D:7)
  Grum (Lair:1)
  2 vampire mosquitoes (D:10)
  2 wargs (D:9)
  3 water moccasins
  5 orc warriors
  Pargi (Sewer)
  4 ogres
  A centaur (D:11)
  5 wolves (Lair:1)
  A kobold brigand (D:8)
  A gnoll sergeant (D:11)
  A wight (D:8)
  3 killer bees (D:8)
  Crazy Yiuf (D:4)
  An iguana (D:4)
  7 small abominations (Lair:6)
  2 gnolls (D:11)
  2 orcs (D:6)
  3 goblins (D:3)
  A kobold (D:7)
  18 fungi
  59 plants
  2 withered plants (Lair:1)
174 creatures vanquished.

Grand Total: 485 creatures vanquished

Notes
Turn   | Place    | Note
-------+----------+-------------------------------------------
     0 | D:1      | Garessta the Felid Summoner began the quest for the Orb.
     0 | D:1      | Reached XP level 1. HP: 7/7 MP: 4/4
   398 | D:1      | Reached XP level 2. HP: 11/11 MP: 1/6
   733 | D:1      | Learned a level 2 spell: Call Imp
  1152 | D:2      | Reached XP level 3. HP: 6/14 MP: 4/8
  1157 | D:2      | Learned a level 3 spell: Call Canine Familiar
  1836 | D:2      | Reached XP level 4. HP: 18/18 MP: 6/9
  1844 | D:2      | Learned a level 3 spell: Summon Guardian Golem
  2013 | D:2      | Found a faded altar of an unknown god.
  2476 | D:3      | Reached skill level 1 in Hexes
  2513 | D:3      | Reached skill level 5 in Summonings
  3171 | D:3      | Noticed an ogre
  3186 | D:3      | Reached XP level 5. HP: 21/21 MP: 3/11
  3205 | D:3      | Killed an ogre
  3668 | D:4      | Found a glowing drain.
  3691 | Sewer    | Entered a sewer
  3755 | Sewer    | Noticed Pargi
  3784 | Sewer    | Killed Pargi
  3785 | Sewer    | Gained mutation: You are covered in thick fur. (AC +2)
                  | [Felid growth]
  3785 | Sewer    | Reached XP level 6. HP: 24/24 MP: 11/13
  3794 | Sewer    | Learned a level 4 spell: Summon Lightning Spire
  4079 | D:4      | Noticed Blork the orc
  4092 | D:4      | Killed Blork the orc
  4218 | D:4      | Found a burning altar of Makhleb.
  4281 | D:4      | Found a runed translucent door.
  4282 | D:4      | Noticed Crazy Yiuf
  4300 | D:4      | Found a radiant altar of Vehumet.
  4426 | D:4      | Noticed Grinder
  4486 | D:4      | Reached skill level 1 in Air Magic
  4597 | D:4      | Killed Grinder
  4598 | D:4      | Reached skill level 5 in Hexes
  4598 | D:4      | Reached XP level 7. HP: 27/27 MP: 5/14
  5419 | D:4      | Killed Crazy Yiuf
  5572 | D:5      | Entered Level 5 of the Dungeon
  5668 | D:5      | Found an iron altar of Okawaru.
  5672 | D:5      | Found a staircase to the Ecumenical Temple.
  5681 | Temple   | Entered the Ecumenical Temple
  5731 | Temple   | Became a worshipper of Gozag Ym Sagoz the Greedy
  6413 | D:5      | Learned a level 2 spell: Blink
  6432 | D:6      | Found a broken altar of Ashenzari.
  6470 | D:6      | Reached skill level 5 in Spellcasting
  6862 | D:6      | Reached XP level 8. HP: 31/31 MP: 8/16
  8786 | D:7      | Reached XP level 9. HP: 34/34 MP: 13/19
  9049 | D:7      | Found a shadowy altar of Dithmenos.
  9049 | D:7      | Found a shimmering altar of Xom.
  9283 | D:8      | Reached skill level 5 in Air Magic
  9689 | D:8      | Reached skill level 3 in Dodging
  9690 | D:8      | Reached skill level 1 in Fighting
  9690 | D:8      | Reached skill level 1 in Transmutations
  9805 | D:8      | Found a hide-covered altar of Uskayaw.
 10089 | D:9      | Noticed a two-headed ogre
 10099 | D:9      | Killed a two-headed ogre
 10100 | D:9      | Reached skill level 4 in Dodging
 10318 | D:9      | Found a staircase to the Orcish Mines.
 10538 | D:9      | Reached XP level 10. HP: 36/41 MP: 16/22
 10539 | D:9      | Reached skill level 5 in Dodging
 11077 | D:10     | Entered Level 10 of the Dungeon
 11194 | D:10     | Noticed a two-headed ogre
 11197 | D:10     | Noticed a boulder beetle
 11204 | D:10     | Killed a boulder beetle
 11205 | D:10     | Reached skill level 6 in Dodging
 11210 | D:10     | Killed a two-headed ogre
 11340 | D:10     | Noticed Nergalle
 11351 | D:10     | Slain by a spectral orc warrior
 11352 | D:10     | Reached XP level 9. HP: 0/39 MP: 12/22
 11445 | D:10     | Reached skill level 5 in Transmutations
 11547 | D:10     | Noticed an unseen horror
 11566 | D:10     | Killed an unseen horror
 11567 | D:10     | Reached skill level 7 in Dodging
 11567 | D:10     | Reached XP level 10. HP: 43/43 MP: 4/23
 11745 | D:10     | Identified the +5 morningstar of Judgement {drain, rC+++
                  | rCorr Str-5 Dex-3}
 11762 | D:10     | Reached skill level 5 in Fighting
 12096 | D:10     | Killed Nergalle
 12344 | D:11     | Noticed a manticore
 12582 | D:11     | Noticed Lodul
 12784 | D:11     | Killed Lodul
 12809 | D:11     | Reached skill level 8 in Dodging
 13195 | D:11     | Reached XP level 11. HP: 48/48 MP: 16/24
 13348 | D:11     | Shot with a bolt by a yaktaur
 13349 | D:11     | Reached XP level 10. HP: -2/45 MP: 7/23
 13733 | D:11     | Found a staircase to the Lair.
 13742 | Lair:1   | Entered Level 1 of the Lair of Beasts
 13755 | Lair:1   | Found a runed translucent door.
 13755 | Lair:1   | Noticed Cung's ghost (novice GrBe)
 13777 | Lair:1   | Noticed a cane toad
 13786 | Lair:1   | Killed a cane toad
 13916 | Lair:1   | Noticed Harold
 13934 | Lair:1   | Killed Harold
 14033 | Lair:1   | Found a frozen archway.
 14283 | Lair:1   | Noticed Grum
 14290 | Lair:1   | Killed Grum
 14299 | Lair:1   | Noticed a cane toad
 14310 | Lair:1   | Reached skill level 9 in Dodging
 14322 | Lair:1   | Killed a cane toad
 14503 | Lair:1   | Noticed a cane toad
 14515 | Lair:1   | Killed a cane toad
 14771 | Lair:1   | Reached XP level 11. HP: 49/49 MP: 16/25
 15500 | Lair:1   | Killed Cung's ghost
 15656 | Lair:1   | Bought a scroll of identify for 28 gold pieces
 15656 | Lair:1   | Bought a scroll of fog for 28 gold pieces
 15656 | Lair:1   | Bought a scroll of poison for 49 gold pieces
 15656 | Lair:1   | Identified a scroll of acquirement
 15657 | Lair:1   | Acquired the ring of Mistrust {rN+ Int+6}
 15788 | Lair:1   | Bought a scroll of vulnerability for 105 gold pieces
 15788 | Lair:1   | Bought a scroll of teleportation for 42 gold pieces
 15788 | Lair:1   | Bought a scroll of magic mapping for 49 gold pieces
 16742 | Lair:3   | Noticed a seven-headed hydra
 16764 | Lair:3   | Killed a seven-headed hydra
 16765 | Lair:3   | Reached skill level 10 in Dodging
 17071 | Lair:3   | Noticed a four-headed hydra
 17104 | Lair:3   | Killed a four-headed hydra
 17218 | Lair:3   | Found a staircase to the Snake Pit.
 18050 | Lair:4   | Noticed Urug
 18057 | Lair:4   | Killed Urug
 18058 | Lair:4   | Reached skill level 10 in Spellcasting
 18642 | Lair:4   | Found a staircase to the Shoals.
 18674 | Lair:4   | Gained mutation: Your thick and shaggy fur keeps you warm.
                  | (AC +3, rC+) [Felid growth]
 18674 | Lair:4   | Reached XP level 12. HP: 55/55 MP: 21/27
 19113 | Lair:5   | Noticed an eight-headed hydra
 19125 | Lair:5   | Killed an eight-headed hydra
 19126 | Lair:5   | Reached skill level 11 in Dodging
 19376 | Lair:5   | You fall into a shaft and drop 1 floor!
 19376 | Lair:6   | Entered Level 6 of the Lair of Beasts
 19384 | Lair:6   | Found a runed translucent door.
 19385 | Lair:6   | Noticed a seven-headed hydra
 19387 | Lair:6   | Found a staircase to the Slime Pits.
 20212 | Lair:6   | Killed a seven-headed hydra
 20938 | Lair:6   | Reached skill level 12 in Dodging
 20954 | Lair:6   | Reached skill level 10 in Air Magic
 21348 | Lair:6   | Reached skill level 10 in Transmutations
 21867 | Lair:6   | Reached XP level 13. HP: 60/60 MP: 14/28
 22778 | Lair:6   | Killed by an exploding themself... ignited by their inner
                  | flame
 22779 | Lair:6   | Reached XP level 12. HP: -2/58 MP: 11/27
 23088 | Lair:6   | Found a corrupted altar of Lugonu.
 23088 | Lair:6   | Found a one-way gate to the infinite horrors of the Abyss.
 23393 | D:11     | Noticed a six-headed hydra
 23407 | D:11     | Killed a six-headed hydra
 23408 | D:11     | Reached skill level 10 in Fighting
 23520 | D:11     | Identified the +9 arbalest of Eternity {elec, rF+ rCorr
                  | Int+3}
 23800 | D:11     | Killed by an exploding themself... ignited by their inner
                  | flame
 23801 | D:11     | Reached XP level 11. HP: -2/54 MP: 15/26
 23890 | D:11     | Shot with a bolt by a yaktaur

Illustrated notes

Levels and vault maps discovered:
D:1:      dpeg_arrival_solitude, layout_basic, minmay_pentomino_t4
D:2:      layout_rooms, shapermc_ecumenical_altar_petra, minmay_lizard_king
D:3:      minmay_angry_zag, layout_basic, minmay_ogre_servants
D:4:      layout_basic, fiery_altar_vehumet, mainiacjoe_overflow_brackets,
          portal_sewer_entry_f, minmay_increasing_density, uniq_blork_the_orc,
          uniq_grinder, uniq_crazy_yiuf_cottage
D:5:      layout_basic, lemuel_tele_altar, minmay_temple_entry_poolview
D:6:      layout_loops_corners, cheibrodos_ashenzari_chains
D:7:      layout_basic, gammafunk_temple_overflow_elements, minmay_manual_mares
D:8:      layout_basic, kennysheep_mini, kennysheep_generic_room_7
D:9:      layout_long_grid, david_orc_1_choice
D:10:     minmay_octagon_keep, layout_loops_ring, uniq_nergalle
D:11:     layout_loops_ring, david_lair_shrubbed, minmay_misc_feat_roman,
          nemelex_diamond_rough_becter, uniq_lodul
Temple:   eino_wide_crystal_templ
Lair:1:   layout_layer_cave, gammafunk_ghost_grave, portal_ice_cave_entry_imps,
          fungi_pond_lemuel, grunt_megastairs_5, lemuel_fruit_fields, uniq_grum,
          uniq_harold
Lair:2:   layout_loops_ring, minivault_25, serial_bayou_pond_b,
          serial_bayou_crossing
Lair:3:   layout_cave_pods, guppyfry_snake_entry_garden, grunt_megastairs_2
Lair:4:   layout_misc_corridors, elwin_shoals_entry_rooms, serial_forest,
          infiniplex_forest_straight_3, infiniplex_forest_straight_1,
          infiniplex_forest_clump_curved, infiniplex_forest_end_double,
          infiniplex_forest_pool, infiniplex_forest_lined_room_3,
          infiniplex_forest_straight_2, uniq_urug
Lair:5:   layout_loops_ring, lemuel_fruit_tree, infiniplex_staircase_pool_2,
          grunt_megastairs_1
Lair:6:   hellmonk_lair_end_abyssal_woods, layout_regular_city, slime_entry_2

Skill      XL: |  1  2  3  4  5  6  7  8  9 10 11 12 |
---------------+-------------------------------------+-----
Spellcasting   | 3 4 5 6 7 9 10 | 10.0
Hexes          | 2 4 5 |  5.0
Summonings     | 5 6 8 |  8.4
Air Magic      | 1 3 4 7 8 9 10 | 10.7
Dodging        | 7 9 10 12 | 12.0
Fighting       | 2 6 7 10 | 10.0
Transmutations | 5 7 8 11 | 11.0
Stealth        | |  2.6

Action                   |  1- 3 |  4- 6 |  7- 9 | 10-12 | 13-15 || total
-------------------------+-------+-------+-------+-------+-------++-------
Melee: Unarmed           |    15 |    14 |     2 |     7 |       ||    38
       Bite              |     1 |     2 |       |     1 |       ||     4
 Cast: Summon Small Mamm |    52 |     5 |     1 |       |       ||    58
       Call Imp          |    12 |    26 |       |       |       ||    38
       Call Canine Famil |     1 |    18 |    56 |   110 |    17 ||   202
       Summon Guardian G |       |     6 |    47 |   128 |    12 ||   193
       Summon Lightning  |       |       |    15 |    71 |    14 ||   100
       Blink             |       |       |       |     1 |       ||     1
Invok: Call Merchant     |       |       |       |     1 |       ||     1
Evoke: Box of beasts     |       |       |     1 |     1 |       ||     2
       Wand              |       |       |       |     1 |       ||     1
  Use: Potion            |     1 |       |       |     2 |     1 ||     4
       Scroll            |       |    11 |     9 |    13 |       ||    33
 Stab: Distracted        |     1 |       |       |       |       ||     1
       Sleeping          |       |     1 |       |       |       ||     1
Armor: Skin              |    11 |     2 |     7 |     3 |     1 ||    24
Dodge: Dodged            |    77 |    33 |    64 |   100 |    31 ||   305

Table legend: (Time is in decaauts)
 A = Elapsed time spent in this place.
 B = Non-inter-level travel time spent in this place.
 C = Inter-level travel time spent in this place.
 D = Time resting spent in this place.
 E = Time spent auto-exploring this place.
 F = Levels seen in this place.
 G = Mean time per level.
                   A        B        C        D        E       F      G
               +--------+--------+--------+--------+--------+-----+--------+
         Total |  21222 |  20396 |    826 |   1505 |  14180 |  19 | 1116.9 |
       Dungeon |  12330 |  11767 |    563 |    742 |   8156 |  11 | 1120.9 |
        Temple |     50 |     42 |      8 |      0 |     25 |   1 |   50.0 |
          Lair |   8558 |   8304 |    254 |    763 |   5809 |   6 | 1426.3 |
         Sewer |    282 |    282 |      0 |      0 |    188 |   1 |  282.0 |
               +--------+--------+--------+--------+--------+-----+--------+

Top non-repeatable levels by time:
  Lair:6: 2861 daAuts
  Lair:1: 1855 daAuts
    D:10: 1463 daAuts
     D:4: 1403 daAuts
    D:11: 1383 daAuts
     D:6: 1304 daAuts
  Lair:4: 1256 daAuts
     D:3: 1212 daAuts
     D:1: 1131 daAuts
     D:9: 1081 daAuts
  Lair:3: 1062 daAuts
     D:7: 1000 daAuts
     D:2: 948 daAuts
  Lair:5: 815 daAuts
     D:5: 714 daAuts
